Map: Thunderbird LE

Players

ShaDoWn

  • Race: Protoss Protoss
  • Spawn Location: 5:00

Rob - Winner!

  • Race: Protoss Protoss
  • Spawn Location: 11:00

VOD

Have the link to the VOD?

Description

Time

  • Played on: Sept. 6, 2019, 4:19 p.m.
  • Length: 4:31
Show
View Real Time Build Order
Export as new Build Order

ShaDoWn Protoss 

Build Orders:  

Get SALT Encoding   

  12  0:00  Probe  
  13  0:12  Probe  
  14  0:18  Pylon  
  14  0:24  Probe  
  15  0:32  Probe  
  15  0:37  Gateway  
  15  0:40  Probe  
  16  0:46  Assimilator  
  17  0:51  Probe  
  17  0:54  Assimilator  
  18  0:59  Probe  
  19  1:07  Probe  
  19  1:08  Gateway  
  19  1:17  Probe  
  20  1:25  Cybernetics Core  
  21  1:29  Probe  
  22  1:33  Pylon  
  22  1:41  Probe  
  25  1:55  Stalker  
  23  2:05  Probe  
  26  2:10  Warp Gate  
  26  2:19  Shield Battery  
  26  2:20  Shield Battery  
  23  2:33  Stalker  
  21  3:00  Probe  
  23  3:47  Shield Battery  
  21  3:52  Shield Battery  
  21  3:59  Stalker  
  16  4:11  Probe  
Show
View Real Time Build Order
Export as new Build Order

Rob Protoss - Winner!

Build Orders:  

Get SALT Encoding   

  12  0:00  Probe  
  13  0:12  Probe  
  14  0:25  Probe  
  15  0:44  Pylon  
  15  1:02  Forge  
  15  1:04  Gateway  
  15  1:05  Gateway  
  15  1:06  Probe  
  16  1:18  Probe  
  17  1:30  Probe  
  18  1:43  Zealot x2  
  18  1:44  Pylon  
  18  1:45  Pylon  
  18  1:46  Pylon  
  18  1:48  Pylon  
  22  1:55  Pylon  
  22  1:57  Pylon  
  21  2:13  Photon Cannon  
  21  2:14  Pylon  
  21  2:16  Photon Cannon  
  21  2:27  Pylon  
  21  2:32  Pylon  
  17  2:37  Photon Cannon  
  17  2:41  Photon Cannon  
  17  2:50  Photon Cannon  
  17  2:54  Photon Cannon  
  17  3:03  Photon Cannon  
  17  3:08  Photon Cannon  
  17  3:14  Photon Cannon  
  17  3:22  Photon Cannon  
  17  3:26  Photon Cannon  
  17  3:34  Photon Cannon  
  17  3:36  Photon Cannon  
  17  3:40  Photon Cannon  
  17  3:45  Photon Cannon  
  17  3:53  Photon Cannon  
  17  4:07  Probe  
  17  4:09  Assimilator  
  18  4:10  Pylon, Assimilator  
  20  4:19  Probe  
  21  4:26  Photon Cannon  
Tags
 
Matchup
PvP
Spawn Locations
Cross Positions
Add a new tag
Caveats
  • Supply blocks, unpowered buildings, or Contaminate may cause inaccurate times.
  • Supply counts are checked every 10 seconds.